 Dungeon Crawl Stone Soup version 0.29.0 (webtiles) character file.

Game seed: 17657520843760635507

28 Dorkslayer the Trooper (level 3, -4/33 HPs)
             Began as a Hill Orc Fighter on Aug 31, 2022.
             Killed by nerve-wracking pain
             ... invoked by Jessica
              (7 damage)
             ... on level 2 of the Dungeon.
             The game lasted 00:01:22 (914 turns).

Dorkslayer the Trooper (Hill Orc Fighter)            Turns: 914, Time: 00:01:23

Health: -4/33      AC:  6    Str: 20    XL:     3   Next: 12%
Magic:  3/3        EV:  9    Int:  8    God:
Gold:   57         SH:  4    Dex: 10    Spells: 2/2 levels left

rFire   . . .      SeeInvis .   a - +0 war axe
rCold   + . .      Faith    .   c - +0 buckler
rNeg    . . .      Spirit   .   b - +0 scale mail
rPois   .          Reflect  .   (no helmet)
rElec   .          Harm     .   (no cloak)
rCorr   .          Rampage  .   (no gloves)
Will    .....                   (no boots)
Stlth   ..........              (no amulet)
HPRegen 0.11/turn               j - ring of protection from cold
MPRegen 0.08/turn               (no ring)

@: lethally poisoned (-4 -> -14)
A: no striking features
a: no special abilities


You were on level 2 of the Dungeon.
You visited 1 branch of the dungeon, and saw 2 of its levels.

You collected 57 gold pieces.

Inventory:

Hand Weapons
 a - a +0 war axe (weapon)
Armour
 b - a +0 scale mail (worn)
 c - a +0 buckler (worn)
Jewellery
 j - a ring of protection from cold (left hand)
Scrolls
 e - 2 scrolls of identify {unknown}
 g - a scroll of teleportation {unknown}
 i - 3 scrolls of magic mapping {unknown}
Potions
 d - a potion of might
 f - a potion of attraction {unknown}
 h - a potion of heal wounds {unknown}


   Skills:
 * Level 4.2 Fighting
 + Level 2.8 Axes
 + Level 3.5 Armour
 * Level 0.9 Dodging
 + Level 3.5 Shields


You had 2 spell levels left.
You didn't know any spells.
Your spell library contained the following spells:

 Spells                   Type           Power      Damage    Failure   Level
 Passage of Golubria      Tloc           0%         N/A       100%        4
 Silence                  Hex/Air        0%         N/A       100%        5
 Lehudib's Crystal Spear  Conj/Erth      0%         10d2      100%        8


Dungeon Overview and Level Annotations

Branches:
Dungeon (2/15)

Altars:

Annotations:
D:2 Jessica, Sigmund


Message History

You climb downwards.
There is a stone staircase leading up here.
Jessica the Apprentice Sorceress comes into view.
She is wielding a +0 club.
Found 3 stones.
Jessica shouts!
Sigmund the Dreaded comes into view.
He is wielding a +2 scythe of venom.
Sigmund shouts!
Sigmund gestures wildly while chanting.
Sigmund flickers and vanishes!
Deactivating autopickup; reactivate with Ctrl-A.
A goblin comes into view. It is wielding a +0 dagger.
The goblin shouts!
Jessica gestures wildly while chanting.
Jessica seems to speed up.
You hear a bark!
Something hits you.
You are poisoned.
You hit the goblin.
You kill the goblin!
You feel very sick.
Jessica mumbles some strange words.
Jessica blinks!
You feel very sick.
You hear some strange, mumbled words.
A magic dart appears from out of thin air!
The magic dart hits you.
Things that are here:
a +0 dagger; a goblin corpse You closely miss something.
You feel very sick.
A jackal comes into view.
Something hits you!
* * * LOW HITPOINT WARNING * * *
You are more poisoned.
You closely miss something.
* * * LOW HITPOINT WARNING * * *
You feel very sick. Jessica casts a spell at you.
Pain shoots through your body!
You die...

#########
#.......#
#.......#
#.......#
#.......#
#.....{.###
#...(@....#
#.........#
#####.....#
##....#
######...@#
#........h##
#...<.........
#...........##
#######.......


You could see Jessica (fast) and a jackal.

Vanquished Creatures
  2 dart slugs (D:1)
  A ball python (D:1)
  3 endoplasms (D:1)
  A giant cockroach (D:1)
  4 goblins
  2 hobgoblins (D:1)
  2 kobolds (D:1)
  3 bats (D:1)
  A frilled lizard (D:1)
  2 rats (D:1)
21 creatures vanquished.

Notes
Turn   | Place    | Note
-------+----------+-------------------------------------------
     0 | D:1      | Dorkslayer the Hill Orc Fighter began the quest for the
                  | Orb.
     0 | D:1      | Reached XP level 1. HP: 19/19 MP: 1/1
    63 | D:1      | Reached XP level 2. HP: 11/27 MP: 2/2
   283 | D:1      | Reached skill level 4 in Fighting
   730 | D:1      | Reached XP level 3. HP: 33/33 MP: 3/3
   906 | D:2      | Noticed Jessica
   907 | D:2      | Noticed Sigmund
   914 | D:2      | Killed from afar by Jessica

Illustrated notes

Levels and vault maps discovered:
D:1:      lemuel_arrival_broad_hall, layout_loops_ring
D:2:      minmay_roachtagon, layout_rooms, hellmonk_ecumenical_altar_crossroads,
          uniq_sigmund, uniq_jessica

Skill      XL: |  1  2 |
---------------+-------+-----
Fighting       | 4 |  4.2
Axes           | |  2.8
Armour         | |  3.5
Dodging        | |  0.9
Shields        | |  3.5

Action                   || total
-------------------------++-------
Melee: War axe           ||    70
Armor: Scale mail        ||    37
Dodge: Dodged            ||    31
Block: Buckler           ||    16
